 Dungeon Crawl Stone Soup version 0.21.1-1-g345015fe64 (webtiles) character file.

103 Hercules1031 the Skirmisher (level 4, -3/45 HPs)
             Began as a Troll Fighter on June 9, 2018.
             Slain by makkenr95's ghost (12 damage)
             ... on level 3 of the Dungeon.
             The game lasted 00:10:15 (1850 turns).

Hercules1031 the Skirmisher (Troll Fighter)         Turns: 1850, Time: 00:10:16

Health: -3/45      AC:  6    Str: 25    XL:     4   Next: 51%
Magic:  3/3        EV:  8    Int:  4    God:
Gold:   169        SH:  9    Dex:  9    Spells: 3/3 levels left

rFire    . . .     SeeInvis .   a - +0 flail
rCold    . . .     Gourm    +   c - +0 shield
rNeg     . . .     Faith    .   b - +0 robe
rPois    .         Spirit   .   (helmet restricted)
rElec    .         Reflect  .   g - +0 cloak
rCorr    .         Harm     .   (gloves unavailable)
MR       .....                  (boots unavailable)
Stlth    +.........             (no amulet)
HPRegen  0.55/turn              (no ring)
MPRegen  0.08/turn              (no ring)

@: slowed, very slow
A: large, unfitting armour, claws 3, fast metabolism 3, gourmand, regeneration
1, shaggy fur 1, tough skin 2
a: no special abilities


You were on level 3 of the Dungeon.
You were not hungry.

You visited 1 branch of the dungeon, and saw 3 of its levels.

You collected 169 gold pieces.

Inventory:

Hand Weapons
 a - a +0 flail (weapon)
Armour
 b - a +0 robe (worn)
 c - a +0 shield (worn)
 g - a +0 cloak (worn)
Jewellery
 m - an uncursed ring of wizardry
Scrolls
 h - a scroll of remove curse
 i - 2 scrolls of identify
 j - a scroll of enchant weapon {unknown}
Potions
 d - a potion of might
 e - a potion of heal wounds
 f - 2 potions of brilliance
 k - a potion of lignification {unknown}
 l - a potion of curing {unknown}


   Skills:
 * Level 3.2 Fighting
 + Level 2.3 Maces & Flails
 + Level 3.1 Dodging
 + Level 2.9 Shields


You had 3 spell levels left.
You didn't know any spells.

Dungeon Overview and Level Annotations

Branches:
Dungeon (3/15)

Altars:
Gozag
Qazlal

Annotations:
D:3 makkenr95's ghost, amateur MiGl


Innate Abilities, Weirdness & Mutations

You are too large for most types of armour.
You have claws for hands.
Your metabolism is lightning-fast.
You like to eat raw meat.
Your natural rate of healing is unusually fast.
You are covered in fur. (AC +1)
You have very tough skin. (AC +2)


Message History

You see here a whip.
You block the bat's attack.
Items here: )) [ †† a dagger; a robe; a flail; an orc corpse; a rat corpse You block the bat's attack.
Makkenr95's ghost (amateur Minotaur Gladiator) comes into view.
You see here a ration.
Makkenr95's ghost turns its malevolent gaze towards you.
The bat closely misses you. The bat barely misses you.
You block the bat's attack. You block the bat's attack.
Items here: )) [ †† a dagger; a robe; a flail; an orc corpse; a rat corpse You block the bat's attack.
Makkenr95's ghost closely misses you.
You barely miss makkenr95's ghost. You block the bat's attack.
The bat closely misses you. Makkenr95's ghost hits you! x2
* * * LOW HITPOINT WARNING * * *
You barely miss makkenr95's ghost. The bat closely misses you.
Makkenr95's ghost hits you!
You die...

##.# ... .##.#. ...
...... #.# ......##.#
.......#.### ....[.$....
.......#W############## #
........@.b...........#.#
.......%)..###.#.....<..#
####...#)#.# #.#.####.###
#.###!#.# #.#.# #.# #.
#<#.# #.#.# #.# # #.#.#
#.#.# #.#
##.#.###.#.####.#
#)...........##.#
##.#####........#


You could see makkenr95's ghost and a bat.

Vanquished Creatures
  An orc wizard (D:3)
  An adder (D:2)
  An ooze (D:1)
  3 worms (D:2)
  A dart slug (D:1)
  2 orcs (D:3)
  A giant cockroach (D:2)
  8 goblins
  5 hobgoblins
  5 jackals
  4 kobolds
  2 ball pythons (D:1)
  6 bats
  3 frilled lizards
  6 rats
49 creatures vanquished.

Notes
Turn   | Place    | Note
-------+----------+-------------------------------------------
     0 | D:1      | Hercules1031 the Troll Fighter began the quest for the Orb.
     0 | D:1      | Reached XP level 1. HP: 22/22 MP: 0/0
   499 | D:1      | Reached XP level 2. HP: 26/29 MP: 1/1
   863 | D:2      | Reached XP level 3. HP: 29/36 MP: 2/2
   879 | D:2      | Found a stormy altar of Qazlal.
   994 | D:2      | Found an opulent altar of Gozag.
  1641 | D:2      | Reached XP level 4. HP: 42/45 MP: 3/3
  1845 | D:3      | Noticed makkenr95's ghost (amateur MiGl)
  1850 | D:3      | Slain by makkenr95's ghost

Skill      XL: |  1  2  3 |
---------------+----------+-----
Maces & Flails | 2 |  2.3
Dodging        | 3 |  3.1
Fighting       | 3 |  3.2
Shields        | |  2.9

Action                   |  1- 3 |  4- 6 || total
-------------------------+-------+-------++-------
Melee: Flail             |   161 |    37 ||   198
  Use: Scroll            |       |     4 ||     4
  Eat: Ration            |     5 |       ||     5
Armor: Robe              |   102 |    41 ||   143
Dodge: Dodged            |    88 |    38 ||   126
Block: Shield            |   121 |    47 ||   168
